 Dungeon Crawl Stone Soup version 0.19.0-11-g3fc08b3 (webtiles) character file.

88 Gargoyl the Skirmisher (level 4, 0/35 HPs)
             Began as a Demonspawn Abyssal Knight on Nov 10, 2016.
             Was a Follower of Lugonu.
             Slain by a gnoll
             ... wielding a +0 whip
              (2 damage)
             ... on level 2 of the Dungeon.
             The game lasted 00:03:08 (2230 turns).

Gargoyl the Skirmisher (Demonspawn Abyssal Knight)  Turns: 2230, Time: 00:03:09

Health: 0/35       AC:  6    Str: 13    XL:     4   Next: 30%
Magic:  6/6        EV:  8    Int: 13    God:    Lugonu [*.....]
Gold:   99         SH:  3    Dex: 13    Spells: 0 memorised, 3 levels left

rFire  . . .     SeeInvis .     a - +1 hand axe
rCold  . . .     Gourm    .     b - +0 scale mail
rNeg   . . .     Faith    .     e - +0 buckler
rPois  .         Spirit   .     (no helmet)
rElec  .         Reflect  .     (no cloak)
rCorr  .         Harm     .     (no gloves)
MR     .....                    (no boots)
Stlth  ..........               (no amulet)
                                (no ring)
                                (no ring)

@: no status effects
A: hooves 2
a: Depart the Abyss, Renounce Religion


You were on level 2 of the Dungeon.
You worshipped Lugonu.
Lugonu was aware of your devotion.
You were not hungry.

You visited 1 branch of the dungeon, and saw 2 of its levels.
You visited the Abyss 1 time.

You collected 99 gold pieces.

Inventory:

Hand Weapons
 a - a +1 hand axe (weapon)
Armour
 b - a +0 scale mail (worn)
 e - a +0 buckler (worn)
Scrolls
 d - 3 scrolls of identify
 g - a scroll of remove curse {unknown}
 h - a scroll of enchant weapon {unknown}
 l - a scroll of enchant armour {unknown}
Potions
 f - 2 potions of curing {unknown}
 i - a potion of haste {unknown}
 j - 3 potions of heal wounds {unknown}
 k - a potion of cure mutation {unknown}
 o - 2 potions of degeneration {unknown}
 p - 2 potions of lignification {unknown}
 q - 3 potions of brilliance {unknown}
Comestibles
 c - a bread ration
 m - a slice of pizza
 n - 2 meat rations


   Skills:
 + Level 3.4 Fighting
 + Level 2.4 Axes
 * Level 2.9 Armour
 + Level 1.1 Dodging
 + Level 0.3 Shields
 * Level 3.1 Invocations


You had 3 spell levels left.
You didn't know any spells.

Dungeon Overview and Level Annotations

Branches:
Dungeon (2/15)

Altars:


Innate Abilities, Weirdness & Mutations

You have hoof-like feet.


Message History

You closely miss the gnoll.
The gnoll is almost dead.
You hit the gnoll. You hit the gnoll but do no damage.
You closely miss the gnoll. The gnoll hits you but does no damage.
You block the gnoll's attack. The gnoll closely misses you.
The gnoll hits you but does no damage.
Unknown command.
Your shield and scale mail prevent you from hitting the gnoll.
The gnoll is almost dead.
You hit the gnoll. You hit the gnoll but do no damage. You hit the gnoll.
The gnoll hits you but does no damage. The gnoll barely misses you.
The gnoll hits you but does no damage. The gnoll hits you.
* * * LOW HITPOINT WARNING * * *
Unknown command.
You hit the gnoll.
You kill the gnoll!
Lugonu accepts your kill.
You hit the gnoll. You closely miss the gnoll. You hit the gnoll.
The gnoll closely misses you. The gnoll hits you with a whip.
You die...

..............#
..######......#
..#
#......########
..#
#<..........(.#
..#
#.....#######.#
.##
#####.#######)#
##
#......(..#####
#####gg.......#
######
#...'@........##
###....##
#.###.g........#
........# #.#
#..........#
###.....# #.#
#..........#
#### #.....# #.#
#.........##.#..
#.....# #.#
#########....#.#
#.....####.#
#.#..#.#
###.....#....#
#.#..#.###
..'.....#.####
#.#..#.#..


You could see 3 gnolls.

Vanquished Creatures
  A gnoll (D:2)
  3 adders (D:2)
  A dart slug (D:1)
  4 leopard geckos
  2 ball pythons (D:2)
  4 bats (D:2)
  2 giant cockroaches (D:1)
  6 hobgoblins
  2 jackals (D:1)
  2 kobolds (D:1)
  A quokka (D:2)
  8 frilled lizards (D:2)
  6 goblins
  4 rats
46 creatures vanquished.

Notes
Turn   | Place    | Note
-------+----------+-------------------------------------------
     0 | Abyss:1  | Gargoyl the Demonspawn Abyssal Knight began the quest for the Orb.
     0 | Abyss:1  | Reached XP level 1. HP: 18/18 MP: 2/2
    18 | Abyss:1  | Found a corrupted altar of Lugonu.
    43 | Abyss:1  | Noticed a neqoxec
    45 | Abyss:1  | Noticed a spatial maelstrom
    46 | Abyss:1  | Noticed a spatial vortex
   128 | Abyss:1  | Noticed a small abomination
   129 | Abyss:1  | Noticed an orange demon
   134 | D:1      | Escaped the Abyss
   513 | D:1      | Gained mutation: You have large cloven feet. [demonic ancestry]
   513 | D:1      | Reached XP level 2. HP: 13/24 MP: 3/3
   698 | D:1      | Reached * piety under Lugonu
  1089 | D:1      | Reached skill level 1 in Dodging
  1139 | D:1      | Reached XP level 3. HP: 18/29 MP: 4/4
  1974 | D:2      | Gained mutation: You have hoof-like feet. [demonic ancestry]
  1974 | D:2      | Reached XP level 4. HP: 19/35 MP: 6/6
  2230 | D:2      | Slain by a gnoll

Skill      XL: |  1  2  3 |
---------------+----------+-----
Armour         | 2 |  2.9
Axes           | 2 |  2.4
Dodging        | 1 |  1.1
Invocations    | 3 |  3.1
Fighting       | |  3.4
Shields        | |  0.3

Action                   |  1- 3 |  4- 6 || total
-------------------------+-------+-------++-------
Melee: Hand axe          |   142 |    13 ||   155
       Kick              |    20 |     4 ||    24
Invok: Depart the Abyss  |     1 |       ||     1
  Use: Scroll            |     3 |       ||     3
  Eat: Chunk             |     3 |     1 ||     4
Armor: Leather armour    |     7 |       ||     7
       Scale mail        |    72 |     5 ||    77
Dodge: Dodged            |    97 |    12 ||   109
Block: Buckler           |    24 |     2 ||    26
